 Dungeon Crawl Stone Soup version 0.22-a0-354-g30dfbe6 (webtiles) character file.

28 Kairos the Insei (level 3, 17/17 HPs)
             Began as a Vine Stalker Transmuter on Apr 16, 2018.
             Got out of the dungeon alive.
             The game lasted 00:01:32 (1158 turns).

Kairos the Insei (Vine Stalker Transmuter)          Turns: 1158, Time: 00:01:33

Health: 17/17      AC:  3    Str: 13    XL:     3   Next: 14%
Magic:  7/7        EV: 12    Int: 13    God:
Gold:   44         SH:  0    Dex: 14    Spells: 5/6 levels left

rFire    . . .     SeeInvis .   f - +0 short sword (venom)
rCold    . . .     Gourm    .   (no shield)
rNeg     . . .     Faith    .   i - +0 leather armour
rPois    .         Spirit   +   (no helmet)
rElec    .         Reflect  .   (no cloak)
rCorr    .         Harm     .   (no gloves)
MR       .....                  (no boots)
Stlth    +.........             (no amulet)
HPRegen  0.05/turn              (no ring)
MPRegen  0.10/turn              (no ring)

@: no status effects
A: fangs 2, magic shield, antimagic bite, no potion heal 3, rot immunity
a: no special abilities


You escaped.
You were hungry.

You visited 1 branch of the dungeon, and saw 1 of its levels.

You collected 44 gold pieces.

Inventory:

Hand Weapons
 c - a +0 hand axe
 f - a +0 short sword of venom (weapon)
Missiles
 a - 26 arrows
Armour
 b - a +0 robe
 i - a +0 leather armour (worn)
Scrolls
 g - 2 scrolls of identify {unknown}
 k - a scroll of teleportation {unknown}
Potions
 e - a potion of flight {unknown}
 h - 2 potions of degeneration {unknown}
 j - a potion of brilliance {unknown}
Comestibles
 d - 7 rations


   Skills:
 + Level 0.8 Fighting
 + Level 0.2 Short Blades
 + Level 1.8 Dodging
 + Level 3.6 Unarmed Combat
 + Level 2.4 Spellcasting
 + Level 2.2 Transmutations


You had 5 spell levels left.
You knew the following spells:

 Your Spells              Type           Power        Failure   Level  Hunger
a - Beastly Appendage     Tmut           #.....       12%         1    #......


Dungeon Overview and Level Annotations

Branches:
Dungeon (1/15)

Altars:


Innate Abilities, Weirdness & Mutations

You have extremely sharp teeth.
When hurt, damage is shared between your health and your magic reserves.
Your bite disrupts and absorbs the magic of your enemies.
Potions cannot restore your health.
You are immune to rotting.


Message History

There is an open door here.
There is a staircase leading out of the dungeon here.
There is an open door here.
You see here a club.
Things that are here:
a club; a hobgoblin skeleton
k - a scroll labeled FUDOZE CAAGH Done exploring.
Done exploring.
No target in view!
No target in view!
Done exploring.
Done exploring.
Done exploring.
Done exploring.
You see here a club.
There is an open door here.
There is a staircase leading out of the dungeon here.
Are you sure you want to leave the Dungeon?
This will make you lose the game!
You have escaped!

.# ##..#.....#####.....#..##.###
.# #...##...........##...##.##.
.# #...####.......####...##....
.# #....# ###...### #....#####.
.#####....## ##)## ##..........
(..........# ###'### #.....######
.####......###.....###.....#### #
.##........##.......##...[....###
.##......####...@...####.........
.##....### ##.....## ###.......
..#..### ##.....## ###..(..
...##########'#####'##########.##
#.#...........## ##............#
#.#............# #.............#
#.....##.#.....###.....#...###.#
#.###.##........#..............##
#.# #....#......#..........###...


There were no monsters in sight!

Vanquished Creatures
  A ball python (D:1)
  4 bats (D:1)
  2 goblins (D:1)
  7 hobgoblins (D:1)
  6 kobolds (D:1)
  A frilled lizard (D:1)
  5 rats (D:1)
26 creatures vanquished.

Notes
Turn   | Place    | Note
-------+----------+-------------------------------------------
     0 | D:1      | Kairos the Vine Stalker Transmuter began the quest for the Orb.
     0 | D:1      | Reached XP level 1. HP: 9/9 MP: 4/4
   480 | D:1      | Reached XP level 2. HP: 14/14 MP: 6/6
   872 | D:1      | Reached XP level 3. HP: 16/17 MP: 7/7
  1158 | D:$      | Got out of the dungeon alive.

Vault maps used:
D:1:      onia_arrival_pentagram, minmay_tiny_reverse_x

Action                   || total
-------------------------++-------
Melee: Unarmed           ||    18
       Bite              ||     8
       Short sword       ||    47
       Punch             ||     3
       Kick              ||     1
 Cast: Beastly Appendage ||     1
 Stab: Sleeping          ||     1
Armor: Robe              ||    11
       Leather armour    ||     1
Dodge: Dodged            ||    43

Table legend:
 A = Spawn XP
 B = Non-spawn XP
 C = Spawn XP percentage of total XP
 D = Spawn monster count
 E = Non-spawn monster count
 F = Spawn count percentage of total count
 G = Total turns spent on level
                    A         B        C        D         E        F      G
               +---------+---------+-------+---------+---------+-------+---------
         Total |       0 |      41 |   0.0 |       0 |      26 |   0.0 |  1158
               +---------+---------+-------+---------+---------+-------+---------
           D:1 |       0 |      41 |   0.0 |       0 |      26 |   0.0 |  1158
               +---------+---------+-------+---------+---------+-------+---------
